[ AOE2 MATCH · #471069159 ]
1v1 RMBengalis vs Ethiopians
Player's team · LOSS
[ REPLAY ANALYSIS · EXTRACTED FROM THE RECORDED GAME ]
Feudal
10:32
Castle
15:11
Imperial
—
| APM avg | 28.1 |
| APM peak | 43 |
| eAPM avg | 13.8 |
| Villagers / military | 34 / 13 |
Focus
⚔️ 24.5% · 🌾 75.5%
Monk ×6 · Spearman ×4 · Armored Elephant ×2 · Mangonel ×1
Feudal
10:59
Castle
14:19
Imperial
—
| APM avg | 29.9 |
| APM peak | 75 |
| eAPM avg | 9.7 |
| Villagers / military | 33 / 12 |
Focus
⚔️ 13.4% · 🌾 86.6%
Shotel Warrior ×6 · Scorpion ×5 · Mangonel ×1
Match map
Initial resources + every placement click. Lines = walls · curves = elevation contours. ◆ gold · ⬟ stone · ● berries · ✦ relic · ◌ wall gap
Inputs per minute
— Popeye - - sfazemin
Build order — Popeye
82 actions detected in the replay
| 0:01 | Create | Villager (Male) |
| 0:01 | Create | Villager (Male) |
| 0:02 | Build | House |
| 0:03 | Build | House |
| 0:14 | Create | Villager (Male) |
| 0:15 | Create | Villager (Male) |
| 1:24 | Create | Villager (Male) |
| 1:49 | Build | Lumber Camp |
| 1:56 | Create | Villager (Male) |
| 1:56 | Create | Villager (Male) |
| 2:17 | Create | Villager (Male) |
| 2:41 | Create | Villager (Male) |
| 3:12 | Create | Villager (Male) |
| 3:12 | Create | Villager (Male) |
| 3:21 | Create | Villager (Male) |
| 3:30 | Build | House |
| 3:31 | Build | House |
| 4:01 | Create | Villager (Male) |
| 4:01 | Create | Villager (Male) |
| 4:15 | Build | Mill |
| 5:02 | Create | Villager (Male) |
| 5:03 | Create | Villager (Male) |
| 5:16 | Create | Villager (Male) |
| 5:44 | Create | Villager (Male) |
| 6:04 | Create | Villager (Male) |
| 6:31 | Create | Villager (Male) |
| 6:50 | Create | Villager (Male) |
| 7:10 | Build | Mining Camp |
| 7:20 | Build | Farm |
| 7:40 | Create | Villager (Male) |
| 8:00 | Research | Feudal Age |
| 8:50 | Build | House |
| 9:10 | Create | Villager (Male) |
| 9:10 | Create | Villager (Male) |
| 9:18 | Build | Farm |
| 9:51 | Research | Loom |
| 9:59 | Create | Villager (Male) |
| 10:32 | Age | Feudal Age |
| 10:43 | Build | Barracks |
| 11:45 | Build | Blacksmith |
| 11:50 | Build | Market |
| 11:56 | Create | Villager (Male) |
| 12:27 | Create | Spearman |
| 12:27 | Create | Spearman |
| 12:31 | Research | Castle Age |
| 12:47 | Create | Villager (Male) |
| 13:12 | Create | Villager (Male) |
| 13:41 | Build | Farm |
| 13:45 | Build | House |
| 14:14 | Build | House |
| 14:21 | Research | Double-Bit Axe |
| 14:50 | Create | Spearman |
| 15:11 | Age | Castle Age |
| 15:14 | Build | Market |
| 15:19 | Build | Monastery |
| 15:23 | Build | Siege Workshop |
| 15:30 | Create | Spearman |
| 15:32 | Create | Villager (Male) |
| 15:42 | Research | Horse Collar |
| 16:03 | Create | Monk |
| 16:05 | Create | Monk |
| 16:15 | Build | House |
| 16:25 | Build | Farm |
| 16:30 | Create | Villager (Male) |
| 16:39 | Create | Armored Elephant |
| 16:47 | Build | Monastery |
| 17:05 | Research | Fervor |
| 17:07 | Create | Monk |
| 17:10 | Create | Villager (Male) |
| 17:28 | Build | Mining Camp |
| 17:31 | Create | Monk |
| 17:31 | Create | Monk |
| 17:37 | Create | Villager (Male) |
| 18:26 | Build | House |
| 18:39 | Create | Armored Elephant |
| 18:53 | Research | Sanctity |
| 19:23 | Create | Monk |
| 19:49 | Build | Monastery |
| 19:52 | Create | Villager (Male) |
| 20:06 | Build | Monastery |
| 20:09 | Create | Mangonel |
| 20:12 | Create | Villager (Male) |
Build order — sfazemin
77 actions detected in the replay
| 0:00 | Create | Villager (Male) |
| 0:00 | Create | Villager (Male) |
| 0:01 | Create | Villager (Male) |
| 0:03 | Build | House |
| 0:04 | Build | House |
| 0:16 | Create | Villager (Male) |
| 1:30 | Create | Villager (Male) |
| 1:57 | Create | Villager (Male) |
| 2:31 | Create | Villager (Male) |
| 2:59 | Create | Villager (Male) |
| 2:59 | Create | Villager (Male) |
| 3:05 | Build | Lumber Camp |
| 3:22 | Create | Villager (Male) |
| 3:45 | Build | House |
| 3:49 | Create | Villager (Male) |
| 4:13 | Create | Villager (Male) |
| 4:33 | Create | Villager (Male) |
| 4:43 | Create | Villager (Male) |
| 5:04 | Create | Villager (Male) |
| 5:25 | Build | Mill |
| 5:26 | Create | Villager (Male) |
| 5:39 | Create | Villager (Male) |
| 6:10 | Build | House |
| 6:13 | Create | Villager (Male) |
| 6:30 | Create | Villager (Male) |
| 6:30 | Create | Villager (Male) |
| 7:15 | Create | Villager (Male) |
| 7:15 | Create | Villager (Male) |
| 8:26 | Research | Feudal Age |
| 8:55 | Build | Mining Camp |
| 9:22 | Build | House |
| 10:59 | Age | Feudal Age |
| 11:03 | Build | Market |
| 11:10 | Build | Blacksmith |
| 11:14 | Create | Villager (Male) |
| 11:39 | Research | Castle Age |
| 12:03 | Research | Double-Bit Axe |
| 12:30 | Research | Horse Collar |
| 13:02 | Build | Farm |
| 13:02 | Build | Farm |
| 13:18 | Build | House |
| 13:20 | Build | House |
| 13:21 | Build | House |
| 13:21 | Build | House |
| 13:22 | Build | House |
| 13:23 | Build | House |
| 13:29 | Create | Villager (Male) |
| 14:14 | Build | Mining Camp |
| 14:19 | Age | Castle Age |
| 14:27 | Build | Farm |
| 14:35 | Build | Castle |
| 14:40 | Create | Villager (Male) |
| 14:50 | Create | Villager (Male) |
| 15:07 | Build | Siege Workshop |
| 15:16 | Build | Farm |
| 15:18 | Create | Villager (Male) |
| 15:40 | Build | Farm |
| 15:44 | Create | Villager (Male) |
| 15:59 | Create | Mangonel |
| 16:17 | Create | Shotel Warrior |
| 16:30 | Build | Farm |
| 16:32 | Create | Villager (Male) |
| 17:04 | Build | Farm |
| 17:06 | Create | Shotel Warrior |
| 17:15 | Create | Scorpion |
| 17:53 | Create | Shotel Warrior |
| 17:53 | Create | Shotel Warrior |
| 18:14 | Create | Scorpion |
| 18:14 | Create | Scorpion |
| 18:26 | Create | Villager (Male) |
| 18:26 | Create | Villager (Male) |
| 19:18 | Create | Scorpion |
| 19:18 | Create | Scorpion |
| 19:30 | Create | Shotel Warrior |
| 19:52 | Create | Shotel Warrior |
| 20:17 | Create | Villager (Male) |
| 20:17 | Create | Villager (Male) |
Match timeline
| 10:32 | Popeye · age_up feudal |
| 10:43 | Popeye · first_building Barracks |
| 10:59 | sfazemin · age_up feudal |
| 14:19 | sfazemin · age_up castle |
| 14:35 | sfazemin · first_building Castle |
| 15:07 | sfazemin · first_building Siege Workshop |
| 15:11 | Popeye · age_up castle |
| 15:19 | Popeye · first_building Monastery |
| 15:23 | Popeye · first_building Siege Workshop |
| 16:36 | Popeye · first_market_buy 100 food |
| 20:19 | Popeye · resign |
[ AI ANALYSIS · 1 CREDIT ]
What really happened in this match?
Wolo.gg analyzes every decision: build order, eco, micro, common mistakes by bracket. Personalized analysis on WhatsApp or Discord in 30 seconds.
Civ guide
Bengalis
Map guide
Arena
Perfil
Popeye